Penguins vs Avalanche

Created - 17 février 2013 at 18:57

Goals
1 2 3 OT1 T
Penguins 3 0 0 1 4
Avalanche 0 2 1 0 3
Shots
1 2 3 OT1 T
Penguins 15 11 3 1 30
Avalanche 17 10 16 1 44

1st period

1. Penguins , Ted Purcell 8 (Ryan Kesler) at 1:56 (PP)
2. Penguins , Ted Purcell 9 (T.J. Hensick) at 4:36
3. Penguins , Mike Watt 6 (Ryan Getzlaf, Darren Reid) at 7:36

Penalties :
Jason Pominville (Col) for Tripping (Minor) at 1:54

2nd period

4. Avalanche , Éric Perrin 5 (Oleg Kvasha, Radim Vrbata) at 3:13
5. Avalanche , Marc Staal 3 (Oleg Kvasha, Sami Salo) at 19:31 (PP)

Penalties :
Dave Tanabe (Col) for Interference (Minor) at 7:28, T.J. Hensick (Pit) for Roughing (Minor) at 14:02, Éric Perrin (Col) for High sticking (Minor) at 16:36, Ted Purcell (Pit) for Roughing (Minor) at 18:55

3rd period

6. Avalanche , Ryan Smyth 20 (Jason Pominville, Marc Staal) at 4:36

Penalties :
Andrew Ladd (Col) for Hooking (Minor) at 19:46, Andy Sutton (Pit) for Interference (Minor) at 19:46

Overtime #1

7. Penguins , Ryan Getzlaf 15 (Darren Reid, Steve Staios) at 2:22

Penalties :
No Penalty

Goalie Stats

Manny Fernandez (Pit), 41 saves from 44 shots - (0,932), W, 4-2-0, 62:22 minutes
Antti Niemi (Col), 26 saves from 30 shots - (0,867), OTL, 9-12-3, 62:22 minutes

Players Stats for Penguins

Player Name              G  A  P  +/- PIM S  H  SB GA TA FO     MP     PP MP  PK MP  
------------------------------------------------------------------------------------
Alexander Radulov        0  0  0  -1  0   4  5  1  2  0  0/1    21:49   1:54   0:00 
Andy Sutton              0  0  0   2  2   1  5  2  1  0  0/0    19:25   2:04   1:57 
Ben Eager                0  0  0   0  0   0  1  0  0  0  0/0     9:11   0:10   1:39 
Bryan Allen              0  0  0   2  0   0  1  0  1  2  0/0    23:21   0:33   1:41 
Dan Hamhuis              0  0  0   1  0   0  4  2  0  1  0/0    20:31   2:04   0:54 
Darcy Tucker             0  0  0   0  0   0  0  1  0  0  0/0     7:41   0:00   0:03 
Darren Reid              0  2  2   2  0   3  4  0  0  0  0/0    18:50   2:06   0:00 
Marc-Édouard Vlasic      0  0  0  -1  0   1  1  2  0  0  0/0    26:44   1:56   0:00 
Mike Watt                1  0  1   1  0   3  2  0  1  0  0/0    16:41   0:00   0:43 
Riley Armstrong          0  0  0   0  0   1  0  1  0  0  2/2     8:19   0:00   0:50 
Ruslan Fedotenko         0  0  0   0  0   0  1  0  0  0  1/2    13:15   0:00   1:01 
Ryan Getzlaf             1  1  2   2  0   3  4  0  1  1  12/23  19:20   2:06   0:14 
Ryan Kesler              0  1  1  -1  0   6  4  1  0  0  23/34  21:09   1:54   0:00 
Steve Staios             0  1  1  -2  0   1  2  3  1  1  0/0    30:42   1:23   0:38 
T.J. Hensick             0  1  1   0  2   0  1  0  1  0  2/11   12:54   0:00   0:33 
Taylor Pyatt             0  0  0  -1  0   1  1  1  2  0  0/0    19:49   2:06   0:07 
Ted Purcell              2  0  2   0  2   5  2  0  1  0  0/0    14:03   1:44   0:00 
Tom Preissing            0  0  0   0  0   1  0  1  0  0  0/0     2:53   0:00   0:00 

Players Stats for Avalanche

Player Name              G  A  P  +/- PIM S  H  SB GA TA FO     MP     PP MP  PK MP  
------------------------------------------------------------------------------------
Andrew Ladd              0  0  0  -1  2   1  1  0  0  0  1/3    13:36   0:00   1:27 
Antti Laaksonen          0  0  0   1  0   2  0  0  0  0  0/1    10:21   0:00   1:12 
Chuck Kobasew            0  0  0  -2  0   2  0  0  0  0  1/2    15:09   0:00   2:22 
Dave Tanabe              0  0  0   0  2   3  1  0  2  0  0/0    19:57   1:40   0:58 
Dustin Byfuglien         0  0  0   1  0   1  1  0  0  0  0/0     8:27   0:00   0:00 
Éric Perrin              1  0  1   1  2   3  1  0  2  1  1/3     9:24   0:00   0:25 
Jack Johnson             0  0  0   1  0   3  2  1  0  0  0/0    26:28   0:55   1:54 
Jason Pominville         0  1  1   1  2   4  2  0  1  1  3/4    21:22   1:32   0:00 
Marc Staal               1  1  2   1  0   3  2  2  0  1  0/0    26:39   0:55   2:18 
Mattias Norstrom         0  0  0  -2  0   0  0  2  0  1  0/0    16:10   0:00   0:44 
Maxim Talbot             0  0  0  -1  0   0  1  1  0  3  1/8    14:16   0:00   2:20 
Mike Comrie              0  0  0   1  0   6  3  0  0  2  17/35  20:33   1:32   0:07 
Oleg Kvasha              0  2  2  -1  0   3  3  0  0  1  5/12   15:14   1:03   0:00 
Ossi Vaananen            0  0  0   0  0   2  1  2  0  1  0/0    17:14   0:00   2:06 
Radim Vrbata             0  1  1  -2  0   5  1  0  0  0  0/1    15:33   1:03   0:00 
Rostislav Olesz          0  0  0  -1  0   2  2  0  0  0  0/0    14:51   1:03   0:07 
Ryan Smyth               1  0  1   1  0   1  2  0  0  0  4/4    21:23   1:32   0:00 
Sami Salo                0  1  1  -2  0   3  0  0  0  0  0/0    18:40   1:40   0:00 

3 Stars

1 - Ryan Getzlaf (Pit)
2 - Marc Staal (Col)
3 - Darren Reid (Pit)

Power Play

Penguins - 1 on 3 Attempt(s) - 33,33%
Avalanche - 1 on 2 Attempt(s) - 50,00%

Penalty Kill

Penguins - 1 on 2 Attempt(s) - 50,00% - Score 0 goal in Penalty Kill
Avalanche - 2 on 3 Attempt(s) - 66,67% - Score 0 goal in Penalty Kill

Official

Referees : StPierre Justin and Rehman Kyle
Linesman : Don Henderson and Mark Pare

Game Notes

Tom Preissing is injured at 7:01 of 1st period (Strained Right Elbow)

Finance

Level 1 -- Attendance: 5638 (93,97%) -- Ticket Income 524 334 $
Level 2 -- Attendance: 4882 (97,64%) -- Ticket Income 273 392 $
Level 3 -- Attendance: 1877 (93,85%) -- Ticket Income 61 941 $
Level 4 -- Attendance: 3428 (85,70%) -- Ticket Income 65 132 $
Luxury Box -- Attendance: 863 (86,30%) -- Ticket Income 155 340 $
Game was played at the Pepsi Center
Total Attendance: 16688 (92,71%)
Total Ticket Income: 1 080 139 $
Total Income: 1 080 139 $

Penguins

5 vs 5 Forward 
   Center                   Left Wing                Right Wing               Time % Phy DF OF 
 1 Ryan Kesler              Taylor Pyatt             Alexander Radulov        38     0   1  4  
 2 Ryan Getzlaf             Mike Watt                Darren Reid              34     0   1  4  
 3 T.J. Hensick             Ruslan Fedotenko         Ted Purcell              21     0   1  4  
 4 Riley Armstrong          Ben Eager                Darcy Tucker             7      0   1  4  

5 vs 5 Defense 
   Defense                  Defense                                           Time % Phy DF OF 
 1 Steve Staios             Marc-Édouard Vlasic                               40     1   1  3  
 2 Dan Hamhuis              Tom Preissing                                     30     1   1  3  
 3 Andy Sutton              Bryan Allen                                       20     1   1  3  
 4 Steve Staios             Marc-Édouard Vlasic                               10     0   1  4  

PowerPlay Forward 
   Center                   Left Wing                Right Wing               Time % Phy DF OF 
 1 Ryan Kesler              Ted Purcell              Alexander Radulov        60     0   1  4  
 2 Ryan Getzlaf             Taylor Pyatt             Darren Reid              40     0   1  4  

PowerPlay Defense
   Defense                  Defense                                           Time % Phy DF OF 
 1 Steve Staios             Marc-Édouard Vlasic                               60     0   1  4  
 2 Dan Hamhuis              Tom Preissing                                     40     1   1  3  

Penalty Kill 4 Players Forward 
   Center                   Wing                     Time % Phy DF OF 
 1 T.J. Hensick             Ben Eager                60     1   1  3  
 2 Riley Armstrong          Darcy Tucker             40     1   1  3  

Penalty Kill 4 Players Defense
   Defense                  Defense                  Time % Phy DF OF 
 1 Bryan Allen              Andy Sutton              60     0   1  4  
 2 Dan Hamhuis              Tom Preissing            40     0   1  4  

Penalty Kill - 3 Players Forward 
   Forward                                           Time % Phy DF OF 
 1 Ben Eager                                         60     1   1  3  
 2 Riley Armstrong                                   40     1   1  3  

Penalty Kill - 3 Players Defense
   Defense                  Defense                  Time % Phy DF OF 
 1 Andy Sutton              Bryan Allen              60     1   1  3  
 2 Dan Hamhuis              Tom Preissing            40     1   1  3  

4 vs 4 Forward 
   Center                   Wing                     Time % Phy DF OF 
 1 Ryan Kesler              Alexander Radulov        60     0   1  4  
 2 Ryan Getzlaf             Darren Reid              40     0   1  4  

4 vs 4 Defense
   Defense                  Defense                  Time % Phy DF OF 
 1 Steve Staios             Bryan Allen              60     1   1  3  
 2 Dan Hamhuis              Tom Preissing            40     1   1  3  

Last Minutes Offensive
   Center                   Left Wing                Right Wing               Defense                  Defense                  
   Ryan Kesler              Taylor Pyatt             Alexander Radulov        Steve Staios             Bryan Allen              

Last Minutes Defensive
   Center                   Left Wing                Right Wing               Defense                  Defense                  
   Ryan Kesler              Mike Watt                Ted Purcell              Bryan Allen              Andy Sutton              

Goaltenders
Starting : Manny Fernandez          
Backup : Brian Elliott            

Extra Forwards
Normal : Ryan Getzlaf, Ryan Kesler, Alexander Radulov - PP : Ryan Getzlaf, Ryan Kesler - PK : Ruslan Fedotenko
Extra Defensemen
Normal : Bryan Allen, Steve Staios, Dan Hamhuis - PP : Steve Staios - PK : Steve Staios, Dan Hamhuis
Penalty Shots
Ryan Kesler, Ryan Getzlaf, Riley Armstrong, Darren Reid, Taylor Pyatt

Avalanche

5 vs 5 Forward 
   Center                   Left Wing                Right Wing               Time % Phy DF OF 
 1 Mike Comrie              Ryan Smyth               Jason Pominville         40     1   2  2  
 2 Oleg Kvasha              Rostislav Olesz          Radim Vrbata             30     1   2  2  
 3 Maxim Talbot             Andrew Ladd              Chuck Kobasew            20     1   2  2  
 4 Éric Perrin              Antti Laaksonen          Dustin Byfuglien         10     1   2  2  

5 vs 5 Defense 
   Defense                  Defense                                           Time % Phy DF OF 
 1 Marc Staal               Jack Johnson                                      40     1   2  2  
 2 Ossi Vaananen            Dave Tanabe                                       30     1   2  2  
 3 Mattias Norstrom         Sami Salo                                         30     1   2  2  
 4 Jack Johnson             Marc Staal                                        0      1   2  2  

PowerPlay Forward 
   Center                   Left Wing                Right Wing               Time % Phy DF OF 
 1 Mike Comrie              Ryan Smyth               Jason Pominville         60     1   2  2  
 2 Oleg Kvasha              Rostislav Olesz          Radim Vrbata             40     1   2  2  

PowerPlay Defense
   Defense                  Defense                                           Time % Phy DF OF 
 1 Dave Tanabe              Sami Salo                                         60     1   2  2  
 2 Marc Staal               Jack Johnson                                      40     1   2  2  

Penalty Kill 4 Players Forward 
   Center                   Wing                     Time % Phy DF OF 
 1 Maxim Talbot             Chuck Kobasew            60     1   2  2  
 2 Antti Laaksonen          Andrew Ladd              40     1   2  2  

Penalty Kill 4 Players Defense
   Defense                  Defense                  Time % Phy DF OF 
 1 Marc Staal               Ossi Vaananen            60     1   2  2  
 2 Jack Johnson             Dave Tanabe              40     1   2  2  

Penalty Kill - 3 Players Forward 
   Forward                                           Time % Phy DF OF 
 1 Ryan Smyth                                        60     1   2  2  
 2 Jason Pominville                                  40     1   2  2  

Penalty Kill - 3 Players Defense
   Defense                  Defense                  Time % Phy DF OF 
 1 Marc Staal               Ossi Vaananen            60     1   2  2  
 2 Jack Johnson             Dave Tanabe              40     1   2  2  

4 vs 4 Forward 
   Center                   Wing                     Time % Phy DF OF 
 1 Ryan Smyth               Jason Pominville         60     1   2  2  
 2 Oleg Kvasha              Mike Comrie              40     1   2  2  

4 vs 4 Defense
   Defense                  Defense                  Time % Phy DF OF 
 1 Dave Tanabe              Sami Salo                60     1   2  2  
 2 Marc Staal               Jack Johnson             40     1   2  2  

Last Minutes Offensive
   Center                   Left Wing                Right Wing               Defense                  Defense                  
   Mike Comrie              Ryan Smyth               Jason Pominville         Dave Tanabe              Sami Salo                

Last Minutes Defensive
   Center                   Left Wing                Right Wing               Defense                  Defense                  
   Mike Comrie              Ryan Smyth               Jason Pominville         Marc Staal               Jack Johnson             

Goaltenders
Starting : Antti Niemi              
Backup : Patrick Lalime           

Extra Forwards
Normal : Radim Vrbata, Chuck Kobasew, Antti Laaksonen - PP : Andrew Ladd, Dustin Byfuglien - PK : Antti Laaksonen
Extra Defensemen
Normal : Ossi Vaananen, Jack Johnson, Marc Staal - PP : Ossi Vaananen - PK : Jack Johnson, Marc Staal
Penalty Shots
Ryan Smyth, Oleg Kvasha, Andrew Ladd, Radim Vrbata, Mike Comrie

% Time on Ice - Penguins

Lines # - Real PCT - Wanted PCT - Time Play
Normal Forward
1 - 34% - 38% - 17:50
2 - 30% - 34% - 16:12
3 - 23% - 21% - 12:14
4 - 13% - 7% - 6:56
Normal Defense
1 - 36% - 40% - 19:15
2 - 36% - 30% - 19:17
3 - 23% - 20% - 12:07
4 - 5% - 10% - 2:33
PP Forward
1 - 48% - 60% - 1:54
2 - 53% - 40% - 2:06
PP Defense
1 - 35% - 60% - 1:23
2 - 65% - 40% - 2:37
PK Forward
1 - 98% - 60% - 2:32
2 - 2% - 40% - 0:03
PK Defense
1 - 65% - 60% - 1:41
2 - 35% - 40% - 0:54
PK3 Forward
1 - 0% - 60%
2 - 0% - 40%
PK3 Defense
1 - 0% - 60%
2 - 0% - 40%
44 Forward
1 - 70% - 60% - 1:49
2 - 30% - 40% - 0:46
44 Defense
1 - 46% - 60% - 1:11
2 - 54% - 40% - 1:24
Last Minute Offensive  - 0:00
Last Minute Defensive  - 0:00
Total
Forward - 62:22
Defense - 62:22

% Time on Ice - Avalanche

Lines # - Real PCT - Wanted PCT - Time Play
Normal Forward
1 - 36% - 40% - 19:08
2 - 26% - 30% - 13:41
3 - 22% - 20% - 11:56
4 - 16% - 10% - 8:27
Normal Defense
1 - 40% - 40% - 21:29
2 - 29% - 30% - 15:33
3 - 29% - 30% - 15:31
4 - 1% - 0% - 0:39
PP Forward
1 - 59% - 60% - 1:32
2 - 41% - 40% - 1:03
PP Defense
1 - 65% - 60% - 1:40
2 - 35% - 40% - 0:55
PK Forward
1 - 83% - 60% - 3:19
2 - 17% - 40% - 0:41
PK Defense
1 - 53% - 60% - 2:06
2 - 48% - 40% - 1:54
PK3 Forward
1 - 0% - 60%
2 - 0% - 40%
PK3 Defense
1 - 0% - 60%
2 - 0% - 40%
44 Forward
1 - 81% - 60% - 2:05
2 - 19% - 40% - 0:30
44 Defense
1 - 57% - 60% - 1:29
2 - 43% - 40% - 1:06
Last Minute Offensive  - 0:00
Last Minute Defensive  - 0:00
Total
Forward - 62:22
Defense - 62:22

Play by Play

1st period


0:01 of 1st period - Mike Comrie wins face-off versus Ryan Kesler in neutral zone.
0:31 of 1st period - Snap shot by Darren Reid.
0:31 of 1st period - Stopped by Antti Niemi without a rebound.
0:32 of 1st period - Chuck Kobasew wins face-off versus T.J. Hensick in Avalanche zone.
0:32 of 1st period - Chuck Kobasew is hit by Ted Purcell.
0:38 of 1st period - Tom Preissing is hit by Dave Tanabe.
1:08 of 1st period - Slapshot by Sami Salo.
1:08 of 1st period - Stopped by Manny Fernandez with a rebound.
1:40 of 1st period - Jason Pominville is hit by Andy Sutton and loses puck.
1:45 of 1st period - Wrist shot by Riley Armstrong.
1:45 of 1st period - Shot Blocked by Mattias Norstrom.
1:47 of 1st period - Wrist shot by Steve Staios.
1:47 of 1st period - Shot Misses the Net.
1:49 of 1st period - Slapshot by Marc-Édouard Vlasic.
1:49 of 1st period - Stopped by Antti Niemi without a rebound.
1:50 of 1st period - Ryan Getzlaf wins face-off versus Mike Comrie in Avalanche zone.
1:54 of 1st period - Minor Penalty to Jason Pominville for Tripping.
1:55 of 1st period - Ryan Kesler wins face-off versus Maxim Talbot in Avalanche zone.
1:56 of 1st period - Snap shot by Ted Purcell.
1:56 of 1st period - Goal by Ted Purcell - Penguins : 1 - Avalanche : 0.
1:57 of 1st period - Jason Pominville wins face-off versus Ryan Kesler in neutral zone.
2:55 of 1st period - Wrist shot by Radim Vrbata.
2:55 of 1st period - Shot Misses the Net.
3:03 of 1st period - Wrist shot by Taylor Pyatt.
3:03 of 1st period - Shot Misses the Net.
3:34 of 1st period - Slapshot by Alexander Radulov.
3:34 of 1st period - Stopped by Antti Niemi with a rebound.
3:56 of 1st period - Snap shot by Ryan Kesler.
3:56 of 1st period - Shot Misses the Net.
3:58 of 1st period - Slapshot by Tom Preissing.
3:58 of 1st period - Shot Blocked by Jack Johnson.
4:00 of 1st period - Snap shot by Tom Preissing.
4:00 of 1st period - Deflect By Marc Staal.
4:00 of 1st period - Stopped by Antti Niemi with a rebound.
4:02 of 1st period - Wrist shot by Ryan Kesler.
4:02 of 1st period - Stopped by Antti Niemi without a rebound.
4:03 of 1st period - Mike Comrie wins face-off versus Ryan Getzlaf in Avalanche zone.
4:03 of 1st period - Mike Comrie is hit by Darren Reid.
4:08 of 1st period - Off-side.
4:09 of 1st period - Mike Comrie wins face-off versus Ryan Getzlaf in neutral zone.
4:16 of 1st period - Wrist shot by Mike Comrie.
4:16 of 1st period - Stopped by Manny Fernandez without a rebound.
4:17 of 1st period - Ryan Smyth wins face-off versus Ryan Getzlaf in Penguins zone.
4:28 of 1st period - Backhand shot by Darren Reid.
4:28 of 1st period - Deflect By Ryan Getzlaf.
4:28 of 1st period - Stopped by Antti Niemi without a rebound.
4:29 of 1st period - T.J. Hensick wins face-off versus Oleg Kvasha in Avalanche zone.
4:36 of 1st period - Snap shot by Ted Purcell.
4:36 of 1st period - Goal by Ted Purcell - Penguins : 2 - Avalanche : 0.
4:37 of 1st period - Mike Comrie wins face-off versus Ryan Getzlaf in neutral zone.
5:02 of 1st period - Ruslan Fedotenko is hit by Rostislav Olesz and loses puck.
5:07 of 1st period - Slapshot by Oleg Kvasha.
5:07 of 1st period - Stopped by Manny Fernandez with a rebound.
5:09 of 1st period - Slapshot by Dave Tanabe.
5:09 of 1st period - Stopped by Manny Fernandez with a rebound.
5:11 of 1st period - Wrist shot by Radim Vrbata.
5:11 of 1st period - Stopped by Manny Fernandez with a rebound.
6:01 of 1st period - Slapshot by Sami Salo.
6:01 of 1st period - Stopped by Manny Fernandez without a rebound.
6:02 of 1st period - T.J. Hensick wins face-off versus Éric Perrin in Penguins zone.
6:10 of 1st period - Wrist shot by Éric Perrin.
6:10 of 1st period - Stopped by Manny Fernandez with a rebound.
6:12 of 1st period - Slapshot by Ossi Vaananen.
6:12 of 1st period - Shot Misses the Net.
6:14 of 1st period - Slapshot by Ossi Vaananen.
6:14 of 1st period - Shot Blocked by Andy Sutton.
6:16 of 1st period - Snap shot by Ossi Vaananen.
6:16 of 1st period - Shot Misses the Net.
6:31 of 1st period - Wrist shot by T.J. Hensick.
6:31 of 1st period - Deflect By Ted Purcell.
6:31 of 1st period - Shot Blocked by Marc Staal.
6:31 of 1st period - Puck is out of play.
6:32 of 1st period - Ryan Getzlaf wins face-off versus Mike Comrie in Avalanche zone.
6:59 of 1st period - Wrist shot by Chuck Kobasew.
6:59 of 1st period - Shot Blocked by Dan Hamhuis.
7:01 of 1st period - Slapshot by Marc Staal.
7:01 of 1st period - Shot Blocked by Tom Preissing.
7:01 of 1st period - Tom Preissing from Penguins is injured at 7:01 of 1st period (Strained Right Elbow).
7:02 of 1st period - Oleg Kvasha wins face-off versus Ryan Getzlaf in Penguins zone.
7:07 of 1st period - Wrist shot by Rostislav Olesz.
7:07 of 1st period - Stopped by Manny Fernandez with a rebound.
7:09 of 1st period - Snap shot by Rostislav Olesz.
7:09 of 1st period - Shot Misses the Net.
7:36 of 1st period - Wrist shot by Mike Watt.
7:36 of 1st period - Goal by Mike Watt - Penguins : 3 - Avalanche : 0.
7:37 of 1st period - Mike Comrie wins face-off versus T.J. Hensick in neutral zone.
8:15 of 1st period - Jack Johnson is hit by Steve Staios and loses puck.
8:57 of 1st period - Wrist shot by Andy Sutton.
8:57 of 1st period - Stopped by Antti Niemi with a rebound.
9:50 of 1st period - Dan Hamhuis is hit by Andrew Ladd and loses puck.
9:57 of 1st period - Dave Tanabe is hit by Dan Hamhuis and loses puck.
10:16 of 1st period - Snap shot by Ryan Smyth.
10:16 of 1st period - Shot Misses the Net.
10:18 of 1st period - Slapshot by Dave Tanabe.
10:18 of 1st period - Deflect By Riley Armstrong.
10:18 of 1st period - Stopped by Manny Fernandez without a rebound.
10:19 of 1st period - Ryan Getzlaf wins face-off versus Jason Pominville in Penguins zone.
10:19 of 1st period - Ryan Getzlaf is hit by Jason Pominville.
10:45 of 1st period - Mattias Norstrom is hit by Dan Hamhuis and loses puck.
12:07 of 1st period - Snap shot by Dan Hamhuis.
12:07 of 1st period - Deflect By Alexander Radulov.
12:07 of 1st period - Stopped by Antti Niemi without a rebound.
12:08 of 1st period - Oleg Kvasha wins face-off versus Ryan Kesler in Avalanche zone.
12:15 of 1st period - Wrist shot by Ryan Kesler.
12:15 of 1st period - Deflect By Taylor Pyatt.
12:15 of 1st period - Stopped by Antti Niemi with a rebound.
12:42 of 1st period - Snap shot by Mike Comrie.
12:42 of 1st period - Shot Misses the Net.
12:44 of 1st period - Snap shot by Jason Pominville.
12:44 of 1st period - Shot Misses the Net.
13:55 of 1st period - Jason Pominville is hit by Andy Sutton and loses puck.
14:38 of 1st period - Wrist shot by Rostislav Olesz.
14:38 of 1st period - Shot Misses the Net.
14:40 of 1st period - Snap shot by Radim Vrbata.
14:40 of 1st period - Stopped by Manny Fernandez without a rebound.
14:41 of 1st period - Ryan Kesler wins face-off versus Mike Comrie in Penguins zone.
14:54 of 1st period - Ryan Smyth is hit by Alexander Radulov and loses puck.
15:11 of 1st period - Icing by Jason Pominville.
15:12 of 1st period - Mike Comrie wins face-off versus T.J. Hensick in Avalanche zone.
15:42 of 1st period - Off-side.
15:43 of 1st period - Oleg Kvasha wins face-off versus Ryan Getzlaf in neutral zone.
16:10 of 1st period - Icing by Darren Reid.
16:11 of 1st period - Mike Comrie wins face-off versus Ryan Getzlaf in Penguins zone.
16:12 of 1st period - Wrist shot by Jason Pominville.
16:12 of 1st period - Deflect By Ryan Smyth.
16:12 of 1st period - Shot Misses the Net.
16:12 of 1st period - Puck is out of play.
16:13 of 1st period - Ryan Kesler wins face-off versus Mike Comrie in Penguins zone.
16:13 of 1st period - Ryan Kesler is hit by Marc Staal.
16:21 of 1st period - Slapshot by Mike Comrie.
16:21 of 1st period - Stopped by Manny Fernandez with a rebound.
16:23 of 1st period - Slapshot by Jason Pominville.
16:23 of 1st period - Deflect By Steve Staios.
16:23 of 1st period - Stopped by Manny Fernandez with a rebound.
16:25 of 1st period - Slapshot by Jack Johnson.
16:25 of 1st period - Stopped by Manny Fernandez without a rebound.
16:26 of 1st period - Jason Pominville wins face-off versus Ryan Kesler in Penguins zone.
16:51 of 1st period - Radim Vrbata is hit by Darren Reid and loses puck.
17:04 of 1st period - Slapshot by Mike Watt.
17:04 of 1st period - Stopped by Antti Niemi without a rebound.
17:05 of 1st period - Mike Comrie wins face-off versus T.J. Hensick in Avalanche zone.
17:16 of 1st period - Wrist shot by Mike Comrie.
17:16 of 1st period - Stopped by Manny Fernandez with a rebound.
17:18 of 1st period - Wrist shot by Ryan Smyth.
17:18 of 1st period - Shot Misses the Net.
17:20 of 1st period - Backhand shot by Jack Johnson.
17:20 of 1st period - Stopped by Manny Fernandez without a rebound.
17:21 of 1st period - Maxim Talbot wins face-off versus Ryan Kesler in Penguins zone.
17:22 of 1st period - Slapshot by Chuck Kobasew.
17:22 of 1st period - Stopped by Manny Fernandez without a rebound.
17:23 of 1st period - Ryan Kesler wins face-off versus Maxim Talbot in Penguins zone.
17:30 of 1st period - Snap shot by Andrew Ladd.
17:30 of 1st period - Shot Misses the Net.
17:34 of 1st period - Snap shot by Andrew Ladd.
17:34 of 1st period - Shot Misses the Net.
17:36 of 1st period - Snap shot by Chuck Kobasew.
17:36 of 1st period - Stopped by Manny Fernandez with a rebound.
17:38 of 1st period - Snap shot by Jack Johnson.
17:38 of 1st period - Deflect By Chuck Kobasew.
17:38 of 1st period - Shot Misses the Net.
17:38 of 1st period - Puck is out of play.
17:39 of 1st period - Mike Comrie wins face-off versus Ryan Getzlaf in Penguins zone.
17:50 of 1st period - Sami Salo is hit by Ryan Getzlaf and loses puck.
19:09 of 1st period - Snap shot by Darren Reid.
19:09 of 1st period - Stopped by Antti Niemi with a rebound.
19:11 of 1st period - Snap shot by Ryan Getzlaf.
19:11 of 1st period - Stopped by Antti Niemi with a rebound.
19:57 of 1st period - Snap shot by Chuck Kobasew.
19:57 of 1st period - Shot Misses the Net.

2nd period


0:01 of 2nd period - Ryan Getzlaf wins face-off versus Mike Comrie in neutral zone.
0:12 of 2nd period - Snap shot by Darren Reid.
0:12 of 2nd period - Shot Blocked by Ossi Vaananen.
0:45 of 2nd period - Icing by Ryan Kesler.
0:46 of 2nd period - Andrew Ladd wins face-off versus T.J. Hensick in Penguins zone.
1:15 of 2nd period - Wrist shot by Jason Pominville.
1:15 of 2nd period - Shot Blocked by Andy Sutton.
1:31 of 2nd period - Mattias Norstrom is hit by Mike Watt and loses puck.
2:36 of 2nd period - Wrist shot by Jason Pominville.
2:36 of 2nd period - Shot Blocked by Alexander Radulov.
2:49 of 2nd period - Slapshot by Jack Johnson.
2:49 of 2nd period - Shot Misses the Net.
3:13 of 2nd period - Snap shot by Éric Perrin.
3:13 of 2nd period - Goal by Éric Perrin - Penguins : 3 - Avalanche : 1.
3:14 of 2nd period - Ryan Kesler wins face-off versus Mike Comrie in neutral zone.
3:17 of 2nd period - Ryan Smyth is hit by Andy Sutton and loses puck.
3:26 of 2nd period - Slapshot by Jason Pominville.
3:26 of 2nd period - Stopped by Manny Fernandez without a rebound.
3:27 of 2nd period - Ryan Getzlaf wins face-off versus Mike Comrie in Penguins zone.
3:59 of 2nd period - Sami Salo is hit by Bryan Allen and loses puck.
4:30 of 2nd period - Darcy Tucker is hit by Dustin Byfuglien and loses puck.
4:49 of 2nd period - Slapshot by Darren Reid.
4:49 of 2nd period - Stopped by Antti Niemi without a rebound.
4:50 of 2nd period - Mike Comrie wins face-off versus Ryan Kesler in Avalanche zone.
4:55 of 2nd period - Alexander Radulov is hit by Jason Pominville and loses puck.
5:04 of 2nd period - Snap shot by Jason Pominville.
5:04 of 2nd period - Shot Misses the Net.
5:06 of 2nd period - Slapshot by Ossi Vaananen.
5:06 of 2nd period - Stopped by Manny Fernandez without a rebound.
5:07 of 2nd period - Ryan Getzlaf wins face-off versus Oleg Kvasha in Penguins zone.
5:32 of 2nd period - Jason Pominville is hit by Marc-Édouard Vlasic and loses puck.
5:41 of 2nd period - Slapshot by Ryan Smyth.
5:41 of 2nd period - Shot Misses the Net.
5:59 of 2nd period - Ruslan Fedotenko is hit by Ossi Vaananen and loses puck.
6:59 of 2nd period - Slapshot by Jack Johnson.
6:59 of 2nd period - Shot Blocked by Taylor Pyatt.
7:01 of 2nd period - Slapshot by Jack Johnson.
7:01 of 2nd period - Stopped by Manny Fernandez without a rebound.
7:02 of 2nd period - Ryan Getzlaf wins face-off versus Oleg Kvasha in Penguins zone.
7:02 of 2nd period - Ryan Getzlaf is hit by Oleg Kvasha.
7:28 of 2nd period - Minor Penalty to Dave Tanabe for Interference.
7:29 of 2nd period - Ryan Kesler wins face-off versus Maxim Talbot in Avalanche zone.
8:47 of 2nd period - Marc-Édouard Vlasic is hit by Éric Perrin.
9:28 of 2nd period - Penalty to Dave Tanabe is over, Dave Tanabe is back on ice.
9:42 of 2nd period - Slapshot by Sami Salo.
9:42 of 2nd period - Stopped by Manny Fernandez with a rebound.
9:44 of 2nd period - Slapshot by Sami Salo.
9:44 of 2nd period - Shot Blocked by Dan Hamhuis.
9:56 of 2nd period - Steve Staios is hit by Ryan Smyth and loses puck.
10:24 of 2nd period - Bryan Allen is hit by Rostislav Olesz and loses puck.
10:51 of 2nd period - Andrew Ladd is hit by Andy Sutton and loses puck.
11:11 of 2nd period - Mike Comrie is hit by Alexander Radulov and loses puck.
11:31 of 2nd period - Mike Comrie is hit by Taylor Pyatt and loses puck.
11:54 of 2nd period - Wrist shot by Antti Laaksonen.
11:54 of 2nd period - Shot Misses the Net.
11:56 of 2nd period - Slapshot by Ossi Vaananen.
11:56 of 2nd period - Stopped by Manny Fernandez without a rebound.
11:57 of 2nd period - Oleg Kvasha wins face-off versus Ryan Getzlaf in Penguins zone.
12:04 of 2nd period - Snap shot by Radim Vrbata.
12:04 of 2nd period - Stopped by Manny Fernandez with a rebound.
12:12 of 2nd period - Wrist shot by Oleg Kvasha.
12:12 of 2nd period - Stopped by Manny Fernandez without a rebound.
12:13 of 2nd period - Ryan Kesler wins face-off versus Mike Comrie in Penguins zone.
12:18 of 2nd period - Ossi Vaananen is hit by Alexander Radulov and loses puck.
12:39 of 2nd period - Wrist shot by Riley Armstrong.
12:39 of 2nd period - Stopped by Antti Niemi without a rebound.
12:40 of 2nd period - Riley Armstrong wins face-off versus Oleg Kvasha in Avalanche zone.
12:40 of 2nd period - Riley Armstrong is hit by Oleg Kvasha.
12:42 of 2nd period - Slapshot by Steve Staios.
12:42 of 2nd period - Shot Blocked by Marc Staal.
12:54 of 2nd period - Riley Armstrong is hit by Radim Vrbata and loses puck.
13:05 of 2nd period - Wrist shot by Ryan Kesler.
13:05 of 2nd period - Stopped by Antti Niemi with a rebound.
14:02 of 2nd period - Minor Penalty to T.J. Hensick for Roughing.
14:03 of 2nd period - Ruslan Fedotenko wins face-off versus Mike Comrie in Penguins zone.
14:12 of 2nd period - Ruslan Fedotenko is hit by Mike Comrie and loses puck.
14:17 of 2nd period - Snap shot by Jason Pominville.
14:17 of 2nd period - Deflect By Mike Comrie.
14:17 of 2nd period - Stopped by Manny Fernandez without a rebound.
14:18 of 2nd period - Jason Pominville wins face-off versus Ruslan Fedotenko in Penguins zone.
14:43 of 2nd period - Sami Salo is hit by Ben Eager and loses puck.
16:02 of 2nd period - Penalty to T.J. Hensick is over, T.J. Hensick is back on ice.
16:27 of 2nd period - Andrew Ladd is hit by Ryan Kesler.
16:36 of 2nd period - Minor Penalty to Éric Perrin for High sticking.
16:37 of 2nd period - Ryan Kesler wins face-off versus Maxim Talbot in Avalanche zone.
16:40 of 2nd period - Slapshot by Ryan Kesler.
16:40 of 2nd period - Stopped by Antti Niemi with a rebound.
16:44 of 2nd period - Snap shot by Ted Purcell.
16:44 of 2nd period - Stopped by Antti Niemi with a rebound.
16:46 of 2nd period - Slapshot by Marc-Édouard Vlasic.
16:46 of 2nd period - Shot Misses the Net.
16:48 of 2nd period - Slapshot by Steve Staios.
16:48 of 2nd period - Shot Misses the Net.
16:50 of 2nd period - Snap shot by Steve Staios.
16:50 of 2nd period - Stopped by Antti Niemi without a rebound.
16:51 of 2nd period - Ryan Kesler wins face-off versus Maxim Talbot in Avalanche zone.
16:54 of 2nd period - Backhand shot by Ryan Kesler.
16:54 of 2nd period - Stopped by Antti Niemi without a rebound.
16:55 of 2nd period - Ryan Kesler wins face-off versus Maxim Talbot in Avalanche zone.
16:56 of 2nd period - Snap shot by Alexander Radulov.
16:56 of 2nd period - Stopped by Antti Niemi without a rebound.
16:57 of 2nd period - Ryan Kesler wins face-off versus Maxim Talbot in Avalanche zone.
16:58 of 2nd period - Snap shot by Ted Purcell.
16:58 of 2nd period - Stopped by Antti Niemi with a rebound.
17:02 of 2nd period - Snap shot by Alexander Radulov.
17:02 of 2nd period - Shot Misses the Net.
17:23 of 2nd period - Off-side.
17:24 of 2nd period - Ryan Getzlaf wins face-off versus Antti Laaksonen in neutral zone.
18:02 of 2nd period - Maxim Talbot is hit by Andy Sutton and loses puck.
18:33 of 2nd period - Slapshot by Dan Hamhuis.
18:33 of 2nd period - Deflect By Ryan Kesler.
18:33 of 2nd period - Shot Blocked by Ossi Vaananen.
18:33 of 2nd period - Puck is out of play.
18:34 of 2nd period - Ryan Kesler wins face-off versus Mike Comrie in Avalanche zone.
18:36 of 2nd period - Penalty to Éric Perrin is over, Éric Perrin is back on ice.
18:39 of 2nd period - Wrist shot by Ted Purcell.
18:39 of 2nd period - Stopped by Antti Niemi with a rebound.
18:41 of 2nd period - Slapshot by Ryan Kesler.
18:41 of 2nd period - Stopped by Antti Niemi without a rebound.
18:42 of 2nd period - Mike Comrie wins face-off versus T.J. Hensick in Avalanche zone.
18:42 of 2nd period - Mike Comrie is hit by Ruslan Fedotenko.
18:55 of 2nd period - Minor Penalty to Ted Purcell for Roughing.
18:56 of 2nd period - Mike Comrie wins face-off versus T.J. Hensick in Penguins zone.
19:31 of 2nd period - Slapshot by Marc Staal.
19:31 of 2nd period - Goal by Marc Staal - Penguins : 3 - Avalanche : 2.
19:32 of 2nd period - Ryan Kesler wins face-off versus Mike Comrie in neutral zone.

3rd period


0:01 of 3rd period - Ryan Getzlaf wins face-off versus Mike Comrie in neutral zone.
0:52 of 3rd period - Snap shot by Ruslan Fedotenko.
0:52 of 3rd period - Shot Misses the Net.
0:54 of 3rd period - Slapshot by Steve Staios.
0:54 of 3rd period - Shot Blocked by Mattias Norstrom.
0:56 of 3rd period - Snap shot by Ted Purcell.
0:56 of 3rd period - Shot Blocked by Maxim Talbot.
1:32 of 3rd period - Darren Reid is hit by Ryan Smyth and loses puck.
1:59 of 3rd period - Slapshot by Radim Vrbata.
1:59 of 3rd period - Stopped by Manny Fernandez without a rebound.
2:00 of 3rd period - Ryan Kesler wins face-off versus Oleg Kvasha in Penguins zone.
2:00 of 3rd period - Ryan Kesler is hit by Jack Johnson.
2:37 of 3rd period - Mike Comrie is hit by Ted Purcell and loses puck.
2:51 of 3rd period - Off-side.
2:52 of 3rd period - Ryan Getzlaf wins face-off versus Andrew Ladd in neutral zone.
3:43 of 3rd period - Snap shot by Mike Watt.
3:43 of 3rd period - Shot Misses the Net.
4:20 of 3rd period - Wrist shot by Mike Watt.
4:20 of 3rd period - Shot Misses the Net.
4:22 of 3rd period - Wrist shot by Mike Watt.
4:22 of 3rd period - Deflect By Chuck Kobasew.
4:22 of 3rd period - Stopped by Antti Niemi without a rebound.
4:23 of 3rd period - Ryan Kesler wins face-off versus Mike Comrie in Avalanche zone.
4:36 of 3rd period - Snap shot by Ryan Smyth.
4:36 of 3rd period - Goal by Ryan Smyth - Penguins : 3 - Avalanche : 3.
4:37 of 3rd period - Mike Comrie wins face-off versus Ryan Kesler in neutral zone.
4:40 of 3rd period - Snap shot by Mike Comrie.
4:40 of 3rd period - Stopped by Manny Fernandez without a rebound.
4:41 of 3rd period - Ryan Kesler wins face-off versus Mike Comrie in Penguins zone.
5:27 of 3rd period - Snap shot by Mike Comrie.
5:27 of 3rd period - Shot Misses the Net.
5:29 of 3rd period - Wrist shot by Marc Staal.
5:29 of 3rd period - Stopped by Manny Fernandez with a rebound.
5:31 of 3rd period - Snap shot by Jason Pominville.
5:31 of 3rd period - Shot Blocked by Steve Staios.
5:33 of 3rd period - Wrist shot by Jason Pominville.
5:33 of 3rd period - Deflect By Mike Comrie.
5:33 of 3rd period - Stopped by Manny Fernandez with a rebound.
5:35 of 3rd period - Slapshot by Jack Johnson.
5:35 of 3rd period - Shot Blocked by Steve Staios.
5:47 of 3rd period - Off-side.
5:48 of 3rd period - Ryan Getzlaf wins face-off versus Oleg Kvasha in neutral zone.
6:58 of 3rd period - Radim Vrbata is hit by Darren Reid and loses puck.
7:19 of 3rd period - Snap shot by Andrew Ladd.
7:19 of 3rd period - Stopped by Manny Fernandez with a rebound.
7:21 of 3rd period - Snap shot by Maxim Talbot.
7:21 of 3rd period - Shot Blocked by Marc-Édouard Vlasic.
7:23 of 3rd period - Wrist shot by Andrew Ladd.
7:23 of 3rd period - Shot Misses the Net.
7:33 of 3rd period - Oleg Kvasha is hit by Ryan Getzlaf and loses puck.
7:44 of 3rd period - Oleg Kvasha is hit by Ryan Kesler and loses puck.
8:01 of 3rd period - Slapshot by Rostislav Olesz.
8:01 of 3rd period - Stopped by Manny Fernandez with a rebound.
8:25 of 3rd period - Marc Staal is hit by T.J. Hensick and loses puck.
8:40 of 3rd period - Ryan Getzlaf is hit by Maxim Talbot.
8:44 of 3rd period - Andrew Ladd is hit by Ryan Getzlaf and loses puck.
9:02 of 3rd period - Éric Perrin is hit by Alexander Radulov and loses puck.
9:35 of 3rd period - Andrew Ladd is hit by Steve Staios and loses puck.
9:48 of 3rd period - Andrew Ladd is hit by Dan Hamhuis and loses puck.
10:01 of 3rd period - Jack Johnson is hit by Ryan Getzlaf and loses puck.
10:06 of 3rd period - Backhand shot by Ryan Kesler.
10:06 of 3rd period - Deflect By Éric Perrin.
10:06 of 3rd period - Stopped by Antti Niemi without a rebound.
10:07 of 3rd period - Mike Comrie wins face-off versus Ryan Getzlaf in Avalanche zone.
10:18 of 3rd period - Slapshot by Jason Pominville.
10:18 of 3rd period - Stopped by Manny Fernandez with a rebound.
10:22 of 3rd period - Slapshot by Jason Pominville.
10:22 of 3rd period - Stopped by Manny Fernandez with a rebound.
10:54 of 3rd period - Jack Johnson is hit by Alexander Radulov and loses puck.
11:00 of 3rd period - Icing by Chuck Kobasew.
11:01 of 3rd period - Ryan Kesler wins face-off versus Chuck Kobasew in Avalanche zone.
11:02 of 3rd period - Wrist shot by Alexander Radulov.
11:02 of 3rd period - Stopped by Antti Niemi without a rebound.
11:03 of 3rd period - Ryan Kesler wins face-off versus Mike Comrie in Avalanche zone.
11:12 of 3rd period - Wrist shot by Ryan Kesler.
11:12 of 3rd period - Deflect By Alexander Radulov.
11:12 of 3rd period - Shot Misses the Net.
11:12 of 3rd period - Puck is out of play.
11:13 of 3rd period - Ryan Kesler wins face-off versus Mike Comrie in Avalanche zone.
11:23 of 3rd period - Off-side.
11:24 of 3rd period - Mike Comrie wins face-off versus Ryan Kesler in neutral zone.
11:50 of 3rd period - Marc-Édouard Vlasic is hit by Oleg Kvasha and loses puck.
12:19 of 3rd period - Snap shot by Darren Reid.
12:19 of 3rd period - Shot Misses the Net.
12:37 of 3rd period - Wrist shot by Antti Laaksonen.
12:37 of 3rd period - Shot Blocked by Darcy Tucker.
12:39 of 3rd period - Snap shot by Dave Tanabe.
12:39 of 3rd period - Stopped by Manny Fernandez without a rebound.
12:40 of 3rd period - Riley Armstrong wins face-off versus Éric Perrin in Penguins zone.
12:55 of 3rd period - Riley Armstrong is hit by Jack Johnson and loses puck.
13:21 of 3rd period - Wrist shot by Dustin Byfuglien.
13:21 of 3rd period - Stopped by Manny Fernandez with a rebound.
13:23 of 3rd period - Snap shot by Éric Perrin.
13:23 of 3rd period - Shot Misses the Net.
13:25 of 3rd period - Slapshot by Antti Laaksonen.
13:25 of 3rd period - Stopped by Manny Fernandez without a rebound.
13:26 of 3rd period - Ryan Kesler wins face-off versus Mike Comrie in Penguins zone.
13:37 of 3rd period - Taylor Pyatt is hit by Mike Comrie and loses puck.
13:54 of 3rd period - Marc Staal is hit by Mike Watt and loses puck.
14:13 of 3rd period - Sami Salo is hit by Dan Hamhuis and loses puck.
14:58 of 3rd period - Slapshot by Antti Laaksonen.
14:58 of 3rd period - Stopped by Manny Fernandez with a rebound.
15:00 of 3rd period - Snap shot by Éric Perrin.
15:00 of 3rd period - Shot Blocked by Riley Armstrong.
15:06 of 3rd period - Snap shot by Éric Perrin.
15:06 of 3rd period - Stopped by Manny Fernandez with a rebound.
15:18 of 3rd period - Icing by Rostislav Olesz.
15:19 of 3rd period - Oleg Kvasha wins face-off versus Ryan Getzlaf in Avalanche zone.
15:30 of 3rd period - Snap shot by Oleg Kvasha.
15:30 of 3rd period - Stopped by Manny Fernandez without a rebound.
15:31 of 3rd period - Ryan Kesler wins face-off versus Mike Comrie in Penguins zone.
15:31 of 3rd period - Ryan Kesler is hit by Mike Comrie.
15:36 of 3rd period - Off-side.
15:37 of 3rd period - Mike Comrie wins face-off versus Ryan Kesler in neutral zone.
16:52 of 3rd period - Icing by Éric Perrin.
16:53 of 3rd period - Éric Perrin wins face-off versus T.J. Hensick in Avalanche zone.
17:18 of 3rd period - Maxim Talbot is hit by Ryan Kesler and loses puck.
17:22 of 3rd period - Icing by Maxim Talbot.
17:23 of 3rd period - Ryan Kesler wins face-off versus Andrew Ladd in Avalanche zone.
17:26 of 3rd period - Snap shot by Taylor Pyatt.
17:26 of 3rd period - Shot Misses the Net.
17:28 of 3rd period - Slapshot by Marc-Édouard Vlasic.
17:28 of 3rd period - Shot Misses the Net.
17:36 of 3rd period - Mattias Norstrom is hit by Ryan Kesler and loses puck.
17:51 of 3rd period - Taylor Pyatt is hit by Marc Staal and loses puck.
18:04 of 3rd period - Wrist shot by Maxim Talbot.
18:04 of 3rd period - Shot Blocked by Marc-Édouard Vlasic.
18:06 of 3rd period - Slapshot by Marc Staal.
18:06 of 3rd period - Deflect By Ryan Kesler.
18:06 of 3rd period - Stopped by Manny Fernandez with a rebound.
18:08 of 3rd period - Slapshot by Jack Johnson.
18:08 of 3rd period - Deflect By Maxim Talbot.
18:08 of 3rd period - Shot Blocked by Steve Staios.
18:08 of 3rd period - Puck is out of play.
18:09 of 3rd period - Mike Comrie wins face-off versus T.J. Hensick in Penguins zone.
18:36 of 3rd period - Rostislav Olesz is hit by Darren Reid.
19:46 of 3rd period - Minor Penalty to Andrew Ladd for Hooking.
19:46 of 3rd period - Minor Penalty to Andy Sutton for Interference.
19:47 of 3rd period - Ryan Smyth wins face-off versus Ryan Kesler in Penguins zone.

Overtime #1


0:01 of 1st overtime period - Ryan Smyth wins face-off versus Ryan Kesler in neutral zone.
0:10 of 1st overtime period - Backhand shot by Ryan Smyth.
0:10 of 1st overtime period - Shot Blocked by Ryan Kesler.
1:16 of 1st overtime period - Snap shot by Radim Vrbata.
1:16 of 1st overtime period - Stopped by Manny Fernandez without a rebound.
1:17 of 1st overtime period - Ryan Smyth wins face-off versus Alexander Radulov in Penguins zone.
1:45 of 1st overtime period - Icing by Dave Tanabe.
1:46 of 1st overtime period - Penalty to Andrew Ladd is over, Andrew Ladd is back on ice.
1:46 of 1st overtime period - Penalty to Andy Sutton is over, Andy Sutton is back on ice.
1:46 of 1st overtime period - Ryan Kesler wins face-off versus Oleg Kvasha in Avalanche zone.
2:06 of 1st overtime period - Off-side.
2:07 of 1st overtime period - Ryan Getzlaf wins face-off versus Radim Vrbata in neutral zone.
2:22 of 1st overtime period - Snap shot by Ryan Getzlaf.
2:22 of 1st overtime period - Goal by Ryan Getzlaf - Penguins : 4 - Avalanche : 3.


Output by the SimonT Hockey Simulator (STHS) for François Prévost -- Original Page W3C XHTML 1.0 Valid
Hockey Simulator - Hockey Simulation - Hockey Manager